 Dungeon Crawl Stone Soup version 0.23.0 (webtiles) character file.

Game seed: 4667119637902674456

51 bpy6 the Sneak (level 3, 0/14 HPs)
             Began as a Felid Venom Mage on Feb 13, 2019.
             Slain by a jackal (1 damage)
             ... on level 2 of the Dungeon.
             The game lasted 00:05:22 (1396 turns).

bpy6 the Sneak (Felid Venom Mage)                   Turns: 1396, Time: 00:05:23

Health: 0/14       AC:  1    Str:  4    XL:     3   Next: 57%
Magic:  4/7        EV: 18    Int: 17    God:
Gold:   54         SH:  0    Dex: 16    Spells: 5/6 levels left
                                        Lives:  0   Deaths: 0

rFire    . . .     SeeInvis +   (weapon unavailable)
rCold    . . .     Gourm    .   (shield unavailable)
rNeg     . . .     Faith    .   (armour unavailable)
rPois    .         Spirit   .   (helmet unavailable)
rElec    .         Reflect  .   (cloak unavailable)
rCorr    .         Harm     .   (gloves unavailable)
MR       .....                  (boots unavailable)
Stlth    +++.......             (no amulet)
HPRegen  0.04/turn              (no ring)
MPRegen  0.10/turn              (no ring)

@: quick
A: very small, no armour, no weapons or thrown items, stealth, claws 1, fangs 3,
see invisible, carnivore, speed 1, shaggy fur 1, slow metabolism 1, sharp paws
a: no special abilities


You were on level 2 of the Dungeon.
You were not hungry.

You visited 1 branch of the dungeon, and saw 3 of its levels.

You collected 54 gold pieces.

Inventory:

Jewellery
 h - an uncursed ring of flight {unknown}
Scrolls
 a - 2 scrolls of teleportation {unknown}
 c - a scroll of identify {unknown}
 d - a scroll of blinking {unknown}
 f - a scroll of remove curse {unknown}
Potions
 e - a potion of invisibility {unknown}
 g - a potion of degeneration {unknown}
 i - a potion of haste {unknown}
 j - a potion of curing {unknown}
Comestibles
 b - 2 rations


   Skills:
 - Level 2.6 Dodging
 + Level 3.5 Stealth
 + Level 2.4 Spellcasting
 * Level 2.0 Conjurations
 + Level 3.0 Poison Magic


You had 5 spell levels left.
You knew the following spells:

 Your Spells              Type           Power        Failure   Level  Hunger
a - Sting                 Conj/Pois      ##..         6%          1    #......

Your spell library contained the following spells:

 Spells                   Type           Power        Failure   Level  Hunger
 Poisonous Vapours        Pois/Air       #.....       16%         2    ##.....
 Mephitic Cloud           Conj/Pois/Air  #.......     28%         3    ###....
 Olgreb's Toxic Radiance  Pois           ##......     45%         4    #####..
 Venom Bolt               Conj/Pois      ##........   87%         5    ######.


Dungeon Overview and Level Annotations

Branches:
Dungeon (3/15)

Altars:
Qazlal
Yredelemnul


Innate Abilities, Weirdness & Mutations

You cannot wear armour.
You are incapable of wielding weapons or throwing items.
Your paws allow you to move quietly. (Stealth)
You have sharp claws.
You have razor-sharp teeth.
You have supernaturally acute eyesight. (SInv)
You are carnivorous and can eat meat at any time.
You cover ground quickly.
You are covered in fur. (AC +1)
You have a slow metabolism.
Your sharp claws are effective at attacking unaware monsters.


Message History

The jackal barely misses you.
You see here a +0 flail.
The jackal completely misses you.
The jackal looks more healthy.
As you open the door, it creaks loudly! The jackal closely misses you.
The jackal barely misses you.
There is an open door here.
The jackal bites you.
* * * LOW HITPOINT WARNING * * *
The jackal barely misses you.
There is an open door here.
Casting: Sting (safe; 6% risk of failure)
Confirm with . or Enter, or press ? or * to list all spells.
Aiming: Sting (safe; 6% risk of failure)
Press: ? - help, Shift-Dir - straight line, f - jackal
Aim: a jackal (moderately wounded)
The sting hits the jackal.
The jackal is poisoned.
The jackal is severely wounded.
The jackal bites you.
You die...

.......# ##.## #.# #.. ...#####
#.# ####.### #.# .#.### #.#
#......# #.# .^.≈≈## ##+##
#.##.#.# #.# §≈§.#.# ##...##
#.##.#.# #.#
§§##.≈###.....###.##.#.## #.#
....#.##.......##.##....# #.#
...^≈.#.........#.##....#######.#
_.....+........h@................
..≈(.≈..........#.......#########
.^###.##.......######.....## #
..##..###.....## #...###.># #
..#^≈^# ##...## #.#.# #..# ##
.≈.^^## ##'## #.#.###..# #.
..#### #.# #.#......# ## #.# #.#
#........# # #.#########.##
#####.####


You could see a jackal.

Vanquished Creatures
  An adder (D:2)
  An ooze (D:1)
  2 leopard geckos
  An orc (D:2)
  2 giant cockroaches (D:1)
  6 goblins
  2 hobgoblins (D:1)
  4 jackals (D:1)
  A quokka (D:2)
  A ball python (D:2)
  3 bats
  2 frilled lizards
  4 kobolds (D:1)
  3 rats (D:1)
33 creatures vanquished.

Notes
Turn   | Place    | Note
-------+----------+-------------------------------------------
     0 | D:1      | bpy6 the Felid Venom Mage began the quest for the Orb.
     0 | D:1      | Reached XP level 1. HP: 7/7 MP: 4/4
     4 | D:1      | Reached skill level 1 in Conjurations
    74 | D:1      | Reached XP level 2. HP: 8/11 MP: 1/6
   520 | D:1      | Reached XP level 3. HP: 11/14 MP: 4/7
   829 | D:2      | Found a basalt altar of Yredelemnul.
  1034 | D:2      | Found a stormy altar of Qazlal.
  1396 | D:2      | Slain by a jackal

Skill      XL: |  1  2  3 |
---------------+----------+-----
Conjurations   | 1 2 |  2.0
Stealth        | 3 |  3.5
Poison Magic   | 3 |  3.0
Dodging        | |  2.6
Spellcasting   | |  2.4

Action                   || total
-------------------------++-------
Melee: Unarmed           ||    20
       Bite              ||     4
 Cast: Sting             ||    54
Armor: Skin              ||     3
Dodge: Dodged            ||    42
